 Dungeon Crawl Stone Soup version 0.24.1-14-gf8d2b509d9 (webtiles) character file.

Game seed: 506684762303226982, levelgen mode: deterministic

48 GimliDwarf the Stinger (level 3, 0/19 HPs)
             Began as a Tengu Venom Mage on May 25, 2023.
             Slain by an adder (4 damage)
             ... on level 2 of the Dungeon.
             The game lasted 00:04:41 (1449 turns).

GimliDwarf the Stinger (Tengu Venom Mage)           Turns: 1449, Time: 00:04:41

Health: 0/19       AC:  2    Str:  8    XL:     3   Next: 72%
Magic:  3/7        EV: 13    Int: 16    God:
Gold:   92         SH:  0    Dex: 14    Spells: 0/6 levels left

rFire    . . .     SeeInvis .   f - +0 spear
rCold    . . .     Gourm    .   (no shield)
rNeg     . . .     Faith    .   a - +0 robe
rPois    .         Spirit   .   (helmet restricted)
rElec    .         Reflect  .   (no cloak)
rCorr    .         Harm     .   (no gloves)
MR       .....                  (boots unavailable)
Stlth    ++........             (no amulet)
HPRegen  0.06/turn              (no ring)
MPRegen  0.10/turn              (no ring)

@: lethally poisoned (0 -> -5)
A: beak, talons 3
a: no special abilities


You were on level 2 of the Dungeon.
You were not hungry.

You visited 1 branch of the dungeon, and saw 2 of its levels.

You collected 92 gold pieces.

Inventory:

Hand Weapons
 b - a +0 dagger
 f - a +0 spear (weapon)
Missiles
 g - 13 poisoned darts (quivered)
Armour
 a - a +0 robe (worn)
Scrolls
 d - 2 scrolls of fear
 e - a scroll of enchant weapon {unknown}
 h - a scroll of remove curse
 i - a scroll of random uselessness {unknown}
Comestibles
 c - 2 rations


   Skills:
 * Level 2.4 Dodging
 - Level 2.0 Stealth
 * Level 2.3 Spellcasting
 * Level 2.0 Conjurations
 * Level 1.1 Air Magic
 * Level 3.9 Poison Magic


You couldn't memorise any spells.
You knew the following spells:

 Your Spells              Type           Power        Failure   Level  Hunger
a - Sting                 Conj/Pois      ##..         6%          1    #......
b - Poisonous Vapours     Pois/Air       #.....       11%         2    ###....
c - Mephitic Cloud        Conj/Pois/Air  #.......     22%         3    ###....

Your spell library contained the following spells:

 Spells                   Type           Power        Failure   Level  Hunger
 Olgreb's Toxic Radiance  Pois           ##......     38%         4    #####..
 Venom Bolt               Conj/Pois      ##........   86%         5    ######.


Dungeon Overview and Level Annotations

Branches:
Dungeon (2/15)

Altars:


Innate Abilities, Weirdness & Mutations

You have a beak for a mouth.
You have claws for feet.


Message History

You miss the adder. Your kick misses the adder.
The adder is almost dead.
The adder bites you. x2
You are poisoned.
The adder poisons you!
You hit the adder but do no damage.
The adder is almost dead.
You feel sick. The adder bites you.
You miss the adder. Your kick misses the adder. Your peck misses the adder.
The adder is almost dead.
You feel sick. The adder barely misses you.
You closely miss the adder.
The adder is almost dead.
The adder barely misses you. The adder bites you.
* * * LOW HITPOINT WARNING * * *
You closely miss the adder.
The adder is almost dead.
* * * LOW HITPOINT WARNING * * *
You feel sick. The adder bites you.
You die...

# #.# ## #. #.# ..
#.##.###. .......
..... ... #S# #.# #@#
#.# #.# #.# ##'## #.#
##...## #.####
##....)## #.##.##
##.......#
###.....####......[..#
...........'.........+
###.....####.........#


You could see an adder.

Vanquished Creatures
  A gnoll (D:1)
  An adder (D:2)
  An ooze (D:1)
  A leopard gecko (D:1)
  2 giant cockroaches
  3 goblins (D:1)
  2 hobgoblins
  5 kobolds
  A quokka (D:2)
  2 bats
  4 rats (D:1)
23 creatures vanquished.

Notes
Turn   | Place    | Note
-------+----------+-------------------------------------------
     0 | D:1      | GimliDwarf the Tengu Venom Mage began the quest for the
                  | Orb.
     0 | D:1      | Reached XP level 1. HP: 10/10 MP: 4/4
    46 | D:1      | Reached XP level 2. HP: 15/15 MP: 4/6
    67 | D:1      | Learned a level 2 spell: Poisonous Vapours
   496 | D:1      | Reached XP level 3. HP: 19/19 MP: 3/7
  1267 | D:2      | Learned a level 3 spell: Mephitic Cloud
  1275 | D:2      | Reached skill level 1 in Air Magic
  1449 | D:2      | Slain by an adder

Levels and vault maps discovered:
D:1:      lightli_arrival_flooded_house, layout_basic, minmay_tromino_v2
D:2:      layout_loops_corners

Skill      XL: |  1  2  3 |
---------------+----------+-----
Conjurations   | 2 |  2.0
Air Magic      | 1 |  1.1
Dodging        | |  2.4
Stealth        | |  2.0
Spellcasting   | |  2.3
Poison Magic   | |  3.9

Action                   || total
-------------------------++-------
Melee: Spear             ||    24
       Kick              ||     4
       Peck              ||     1
Throw: Dart              ||     2
 Cast: Sting             ||    13
       Poisonous Vapours ||    21
  Use: Scroll            ||     2
  Eat: Ration            ||     1
Armor: Robe              ||     2
Dodge: Dodged            ||    27
